[Event "XXII Obert Internacional d'Escacs Sant Marti 2022"]
[Site "Barcelona, Spain"]
[Date "2022.07.16"]
[Round "4.2"]
[White "Narciso Dublan, Marc"]
[Black "Pena Gomez, Manuel"]
[Result "0-1"]
[TimeControl "1.30 fb 30"]
[WhiteElo "2461"]
[BlackElo "2492"]

1. e4 c5 2. Nc3 Nc6 3. Bb5 Nd4 4. Nf3 e6 5. O-O a6 6. Bd3 Nc6 7. Nd5 d6 8. Ne3 Nf6 9. c3 d5 10.
exd5 Nxd5 11. Nxd5 Qxd5 12. Qe2 Bd7 13. a3 Bd6 14. b4 O-O 15. Bb2 Qh5 16. Rfe1 Rae8 17. bxc5 Bxc5 18. c4 e5 19.
Be4 Qh6 20. Qd3 Rd8 21. Bd5 Be6 22. Nxe5 Ne7 23. Qg3 Nxd5 24. cxd5 Rxd5 25. Nf3 Rd3 26. Re4 Qg6 27. Qxg6 hxg6 28.
Bc3 Bd5 29. Rf4 Bxf3 30. Rxf3 Rxf3 31. gxf3 b5 32. Bb4 Rc8 33. Kf1 Bd4 34. Re1 g5 35. Re4 Bb2 36. Ke2 Kh7 37. f4 gxf4 38.
Rxf4 Kg6 39. d4 f5 40. Bc5 Rh8 41. d5 Rd8 42. d6 Be5 43. Rb4 Bxd6 44. Bxd6 Rxd6 45. Ke3 Re6+ 46. Kd3 Kg5 47.
h4+ Kh5 48. f3 Rf6 49. Rf4 g6 50. Kc3 Rc6+ 51. Kb4 Rc4+ 52. Rxc4 bxc4 53. Kxc4 Kxh4 54. Kb4 g5 55. Ka5 g4 56.
fxg4 fxg4 0-1

[Event "XXII Obert Internacional d'Escacs Sant Marti 2022"]
[Site "Barcelona, Spain"]
[Date "2022.07.16"]
[Round "4.3"]
[White "Valenzuela Gomez, Fernando"]
[Black "Aronyak, Ghosh"]
[Result "0-1"]
[TimeControl "1.30 fb 30"]
[WhiteElo "2373"]
[BlackElo "2486"]

1. e4 c6 2. d4 d5 3. e5 Bf5 4. h4 h5 5. Bd3 Bxd3 6. Qxd3 Qa5+ 7. Nd2 e6 8. Ngf3 Nh6 9. O-O Nf5 10. Nb3 Qa6 11. Qd1 Be7 12.
g3 Nd7 13. Bg5 Bxg5 14. Nxg5 Rc8 15. Re1 c5 16. c3 g6 17. Qf3 b6 18. Kg2 Kf8 19. Nc1 Kg7 20. Ne2 Nf8 21. a4 Nh7 22.
a5 Nxg5 23. hxg5 Qb7 24. axb6 axb6 25. Ra4 Ra8 26. Rea1 Rxa4 27. Rxa4 Ra8 28. Rxa8 Qxa8 29. c4 Qd8 30. cxd5 Qxg5 31.
Qf4 Qxf4 32. Nxf4 Nxd4 33. dxe6 fxe6 34. f3 Kf7 35. Nd3 g5 36. g4 h4 37. f4 c4 38. Nf2 gxf4 39. Kh3 Nf3 40.
Ne4 Nxe5 41. Kxh4 Kg6 42. Nd6 Nf3+ 43. Kh3 Nd2 44. Kg2 e5 0-1

[Event "XXII Obert Internacional d'Escacs Sant Marti 2022"]
[Site "Barcelona, Spain"]
[Date "2022.07.16"]
[Round "4.4"]
[White "Berdayes Ason, Dylan Isidro"]
[Black "Diermair, Andreas"]
[Result "0-1"]
[TimeControl "1.30 fb 30"]
[WhiteElo "2480"]
[BlackElo "2452"]

1. d4 e6 2. c4 Nf6 3. Nc3 Bb4 4. a3 Bxc3+ 5. bxc3 c5 6. f3 Nc6 7. e4 d6 8. Ne2 b6 9. Bg5 h6 10.
Bh4 Na5 11. Nc1 Ba6 12. Nb3 Bxc4 13. Nxa5 Bxf1 14. Nb7 Qd7 15. Nxd6+ Qxd6 16. Kxf1 Nd7 17. Bf2 O-O 18. g3 f5 19. Kg2 fxe4 20. fxe4 cxd4 21. cxd4 Rac8 22.
Qd3 Ne5 23. Qe2 Ng4 24. Bg1 h5 25. Qd3 Qc7 26. Ra2 Qf7 27. Qe2 Rc3 28. Rd2 h4 29. Kh3 Rf3 30. Kxh4 Qg6 31. Kh3 Rxa3 32.
d5 Ne5 33. d6 Nf3 34. Rc2 Ra1 35. d7 Qh5+ 0-1

[Event "XXII Obert Internacional d'Escacs Sant Marti 2022"]
[Site "Barcelona, Spain"]
[Date "2022.07.16"]
[Round "4.5"]
[White "Arpan, Das (Jr)"]
[Black "Roshka, Yevgeniy"]
[Result "0-1"]
[TimeControl "1.30 fb 30"]
[WhiteElo "2178"]
[BlackElo "2497"]

1. e4 g6 2. d4 Bg7 3. Nc3 d6 4. Be3 a6 5. h4 h6 6. a4 Nc6 7. f3 e5 8. Nge2 f5 9. exf5 gxf5 10.
dxe5 dxe5 11. Qxd8+ Nxd8 12. Nd5 Ne6 13. Nec3 Ne7 14. Nxe7 Kxe7 15. Nd5+ Kd6 16. O-O-O Nd4 17. Nf4 Kc6 18.
Nh5 Bf8 19. Bxd4 exd4 20. Bc4 Kc5 21. Ba2 Bd6 22. b4+ Kxb4 23. Rxd4+ Ka5 24. Nf4 Bd7 25. Bb3 Bc6 26. Rhd1 Rhe8 27.
Kb1 Re3 28. Nd5 Re2 29. g4 fxg4 30. fxg4 Rf8 31. g5 hxg5 32. hxg5 Rf5 33. Rg4 Bf8 34. Nxc7 Bf3 35. Rgg1 Re7 36.
Nd5 Ree5 37. g6 Bg7 38. Nc7 Bxd1 39. Rxd1 Rf3 40. Ka2 Rg3 41. Rd7 Rxg6 42. Ne8 Bf8 43. Nc7 Bc5 44. Nd5 Rd6 45.
Rxd6 Bxd6 46. Kb2 Re4 47. Kc3 Be5+ 48. Kd3 Rd4+ 49. Ke2 b5 50. Ne7 Rd6 51. axb5 Kxb5 52. Nf5 Rd8 53. Ke3 a5 54.
Ke4 Bc3 55. Ne3 a4 56. Bd5 Kc5 57. Bf7 Rd4+ 58. Kf3 Bd2 59. Ke2 Bxe3 60. Kxe3 a3 61. Be6 Rc4 62. Kd3 a2 63. Bxc4 a1=Q 0-1

[Event "XXII Obert Internacional d'Escacs Sant Marti 2022"]
[Site "Barcelona, Spain"]
[Date "2022.07.16"]
[Round "4.6"]
[White "Pimpalkhare, Vedant"]
[Black "D`costa, Lorin"]
[Result "1/2-1/2"]
[TimeControl "1.30 fb 30"]
[WhiteElo "2057"]
[BlackElo "2372"]

1. d4 Nf6 2. Nf3 b6 3. e3 Bb7 4. c4 e6 5. Bd3 d5 6. Nbd2 Nbd7 7. O-O Be7 8. b3 O-O 9. Bb2 c5 10. Qe2 Rc8 11. Rfd1 Rc7 12.
cxd5 Nxd5 13. Rac1 Qa8 14. Bb1 Rfc8 15. Nc4 cxd4 16. Nxd4 a6 17. Nxe6 fxe6 18. Qg4 N5f6 19. Qxe6+ Kf8 20.
Rxd7 Rxd7 21. Bxf6 Bxf6 22. Qxd7 b5 23. Qd6+ Be7 24. Qf4+ Bf6 25. Qd6+ Be7 26. Qf4+ Bf6 27. Qd6+ 1/2-1/2

[Event "XXII Obert Internacional d'Escacs Sant Marti 2022"]
[Site "Barcelona, Spain"]
[Date "2022.07.16"]
[Round "4.7"]
[White "Canal Oliveras, Joan"]
[Black "Macak, Stefan"]
[Result "0-1"]
[TimeControl "1.30 fb 30"]
[WhiteElo "2149"]
[BlackElo "2363"]

1. e4 e6 2. d4 d5 3. Nc3 Bb4 4. e5 c5 5. a3 Bxc3+ 6. bxc3 Qa5 7. Bd2 Qa4 8. h4 Nc6 9. h5 Bd7 10.
h6 Nxh6 11. Bxh6 gxh6 12. Nf3 c4 13. Rxh6 O-O-O 14. Ng5 Rdf8 15. Rxh7 Rxh7 16. Nxh7 Rh8 17. Ng5 Be8 18. Kd2 Qa5 19.
Qg4 Rh1 20. Qf4 Qc7 21. g4 Qe7 22. a4 Nd8 23. a5 Qf8 24. Rd1 Qh6 25. Qe3 Rh4 26. Be2 Qg6 27. f4 Ba4 28. Rc1 Nc6 29.
Qg3 Rh8 30. Bd1 Nxa5 31. Ra1 b5 32. Ra2 Nc6 33. Bf3 Kd7 34. Bg2 a5 35. Qe3 Rh2 36. Qg3 Rh8 37. Bh3 Ne7 38. Qe3 Kc6 39.
Bg2 Rg8 40. Qh3 Kb6 41. Bf3 Bb3 42. Rb2 a4 43. Qh5 a3 44. Qxg6 Nxg6 45. Rb1 Nxf4 46. Nxf7 Ba4 47. Ke3 Rf8 48.
Ng5 Bxc2 49. Ra1 Bg6 50. Rxa3 Be8 51. Ra8 Kb7 52. Rxe8 Rxe8 53. Kxf4 Kb6 54. Nh7 Ka5 55. Nf6 Re7 56.
Ke3 Ka4 57. Bd1+ Ka3 58. Bc2 Kb2 59. Kd2 Ra7 60. g5 Ra1 61. g6 Rg1 62. Nh5 Rg2 63. Kd1 Rg1+ 64. Kd2 Rg2 65. Kd1 Rxc2 66.
Nf4 Rxc3 67. Nxe6 Rg3 68. Nf4 c3 0-1

[Event "XXII Obert Internacional d'Escacs Sant Marti 2022"]
[Site "Barcelona, Spain"]
[Date "2022.07.16"]
[Round "4.8"]
[White "Bottazzi, Ulysse"]
[Black "Barbero Sendic, Alejandro"]
[Result "0-1"]
[TimeControl "1.30 fb 30"]
[WhiteElo "2140"]
[BlackElo "2326"]

1. e4 e5 2. Nf3 Nc6 3. Bb5 a6 4. Ba4 d6 5. Bxc6+ bxc6 6. d4 exd4 7. Qxd4 c5 8. Qd3 Be7 9.
O-O Nf6 10. e5 dxe5 11. Qxd8+ Bxd8 12. Nxe5 Bb7 13. Nc3 O-O 14. Re1 Re8 15. Bf4 Be7 16. Nc4 Nd5 17. Nxd5 Bxd5 18. Ne3 c6 19.
Nxd5 cxd5 20. Re5 Bf6 21. Rxd5 Bxb2 22. Rad1 c4 23. g4 h6 24. Kg2 Re2 25. Rd8+ Rxd8 26. Rxd8+ Kh7 27. Rd2 Re4 28.
Bg3 c3 29. Rd7 f6 30. Kf3 Ra4 31. Ke3 Rxa2 32. Bd6 Kg8 33. Ke4 Ra4+ 34. Kf5 Rd4 35. Rd8+ Kh7 36. Be7 Rd2 37. f4 Ba3 38.
g5 hxg5 39. fxg5 Rf2+ 40. Ke6 Re2+ 41. Kf5 Re5+ 0-1

[Event "XXII Obert Internacional d'Escacs Sant Marti 2022"]
[Site "Barcelona, Spain"]
[Date "2022.07.16"]
[Round "4.9"]
[White "Millaret Lores, Francesc"]
[Black "Fernandez Diaz, Cristian"]
[Result "1/2-1/2"]
[TimeControl "1.30 fb 30"]
[WhiteElo "2106"]
[BlackElo "2318"]

1. e4 d6 2. d4 Nf6 3. Nc3 g6 4. Bc4 Bg7 5. Nf3 O-O 6. O-O Nxe4 7. Nxe4 d5 8. Bd3 dxe4 9. Bxe4 Nd7 10.
c3 c5 11. Qe2 cxd4 12. Nxd4 Nc5 13. Bc2 e5 14. Nb3 Ne6 15. Rd1 Qc7 16. Be3 f5 17. f3 Kh8 18. Qb5 a6 19. Qb6 Re8 20.
Qxc7 Nxc7 21. Bb6 Ne6 22. Na5 Bf6 23.
Nc4 Kg7 24. Ba4 Re7 25. Nd6 Kf8 26. Nc4 Kg7 27. Kf2 h5 28. g3 h4 29. Rd5 Nc7 30. Rd6 Be6 31. Ne3 Rc8 32. a3 hxg3+ 33. hxg3 Nb5 34. Bxb5 axb5 35. Nd5 Rd7 36. Rxd7+ Bxd7 37. Nxf6 Kxf6 38. f4 Bc6 39. Re1 Be4 40. Rd1 Rc6 41.
Bd8+ Ke6 42. Ke3 Rc8 43. fxe5 Kxe5 44. Bg5 Bd5 45. Bf4+ Ke6 46. Rd4 Rh8 47. Rd2 Rh5 48. Kd4 g5 49. Re2+ Be4 50. Bd2 Rh3 51.
Bxg5 Rxg3 52. Be3 Rg8 53. Bf4 Rg4 54. Rf2 Bc6 55. Kc5 Kf6 56. Kd6 Rg1 57. Rh2 Rd1+ 58. Rd2 Rf1 59. Rd4 Rf2 60.
b4 Rc2 61. Rd2 Rc1 62. Rh2 Rd1+ 63. Rd2 Rf1 64. Rd4 Rf3 65. Bd2 Rf2 66. Bf4 Re2 67. Rd2 Re1 68. Rh2 Re4 69. Rh6 Kg7 70.
Rh4 Re1 71. Rh3 Re4 72. Rh4 Kf7 73. Rh7+ Kg8 74. Rh4 Kf7 75. Rh7+ Kg8 76. Rh4 Re1 77. Be5 Rh1 78. Rxh1 Bxh1 79. Kc5 Bc6 80. c4 bxc4 81. b5 Be4 82. Kxc4 Kf7 83. a4 Ke6 1/2-1/2

[Event "XXII Obert Internacional d'Escacs Sant Marti 2022"]
[Site "Barcelona, Spain"]
[Date "2022.07.16"]
[Round "4.10"]
[White "Bakshi, Rutuja"]
[Black "Noboa Silva, Kevin"]
[Result "1/2-1/2"]
[TimeControl "1.30 fb 30"]
[WhiteElo "2084"]
[BlackElo "2304"]

1. d4 e6 2. Nf3 Nf6 3. e3 b6 4. Bd3 Bb7 5. O-O Be7 6. Nbd2 a6 7. b3 c5 8. Bb2 cxd4 9. exd4 O-O 10.
a3 d6 11. Re1 Nbd7 12. Nf1 Re8 13. Ng3 Bf8 14. c4 Rc8 15. Rc1 Rc7 16. Ng5 d5 17. cxd5 Rxc1 18. Bxc1 Bxd5 19. Qc2 g6 20.
f3 b5 21. b4 Bg7 22. Be3 Nb6 23. Rd1 Bc4 24. N5e4 Nxe4 25. Nxe4 Qd5 26. Qe2 Rd8 27. Kh1 Bxd3 28. Rxd3 Qc4 29.
Qd2 Nd5 30. Bg1 Qc6 31. Nc5 Ne7 32. g4 Nd5 33. Bf2 Nb6 34. Kg2 Nc4 35. Qg5 Rd5 36. Qf4 Qc8 37. h3 Qd8 38. Qe4 Qc8 39.
Qf4 h6 40. Qe4 Nb6 41. Kg1 Rd8 42. Kg2 Qa8 43. Nb7 Rb8 44. Nc5 Rc8 45. Be1 Bf8 46. h4 Qd5 47. Qxd5 Nxd5 48. Bd2 Rc6 49. f4 Bxc5 50. dxc5 f5 51. g5 h5 52. Kf3 Kf7 53.
Rb3 Rc8 54. Ke2 Rd8 55. Rd3 Ke7 56. Kf3 Rd7 57. Be1 Kd8 58. Bd2 Kc7 59. Ke2 Kc6 60. Be3 Re7 61. Kf3 e5 62. fxe5 Rxe5 63.
Bf2 Re4 64. Rd2 Rf4+ 65. Kg3 Rc4 66. Bd4 a5 67. bxa5 Ra4 68. Kf2 Rxa3 69. Re2 Nf4 70. Re7 b4 71. Be3 Nd3+ 72. Ke2 Nxc5 73. Rg7 b3 74. Rxg6+ Kd5 75.
Bxc5 Kxc5 76. Rb6 Kc4 77. a6 Ra2+ 78. Kf3 b2 79. g6 Rxa6 80.
Rxb2 Rxg6 81. Kf4 Rg4 82. Kxf5 Rxh4 83. Kg5 Rh1 84. Rb6 h4 85.
Kg4 h3 86. Kg3 Kd3 87. Rh6 Rg1 88. Kh2 Rg2+ 1/2-1/2